 Dungeon Crawl Stone Soup version 0.28.0 (webtiles) character file.

Game seed: 1099514383087740938

58 browni3141 the Chopper (level 3, -1/33 HPs)
             Began as a Minotaur Fighter on Feb 11, 2022.
             Slain by a gnoll (6 damage)
             ... on level 1 of the Dungeon.
             The game lasted 00:01:14 (1801 turns).

browni3141 the Chopper (Minotaur Fighter)           Turns: 1801, Time: 00:01:14

Health: -1/33      AC:  7    Str: 28    XL:     3   Next: 75%
Magic:  2/2        EV:  9    Int:  5    God:
Gold:   28         SH:  4    Dex:  9    Spells: 2/2 levels left

rFire   . . .      SeeInvis +   a - +0 war axe
rCold   . . .      Faith    .   c - +0 buckler
rNeg    . . .      Spirit   .   b - +0 scale mail
rPois   .          Reflect  .   (helmet restricted)
rElec   .          Harm     .   (no cloak)
rCorr   .          Rampage  .   (no gloves)
Will    .....                   (no boots)
Stlth   ..........              (no amulet)
HPRegen 0.11/turn               e - +6 ring of strength
MPRegen 0.08/turn               f - ring of see invisible

@: no status effects
A: horns 2, retaliatory headbutt
a: no special abilities


You were on level 1 of the Dungeon.
You visited 1 branch of the dungeon, and saw 2 of its levels.

You collected 28 gold pieces.

Inventory:

Hand Weapons
 a - a +0 war axe (weapon)
Armour
 b - a +0 scale mail (worn)
 c - a +0 buckler (worn)
Jewellery
 e - a +6 ring of strength (left hand)
 f - a ring of see invisible (right hand)
Scrolls
 h - a scroll of blinking {unknown}
 j - a scroll of immolation {unknown}
Potions
 d - 2 potions of might
 g - a potion of curing {unknown}
 i - a potion of heal wounds {unknown}


   Skills:
 - Level 3.7 Fighting
 * Level 4.9 Axes
 - Level 3.7 Armour
 - Level 3.6 Shields


You had 2 spell levels left.
You didn't know any spells.
Your spell library contained the following spells:

 Spells                   Type           Power      Damage    Failure   Level
 Slow                     Hex            0%         N/A       83%         1
 Confusing Touch          Hex            0%         N/A       99%         3
 Vampiric Draining        Necr           0%         2d6       99%         3


Dungeon Overview and Level Annotations

Branches:
Dungeon (2/15)

Altars:


Innate Abilities, Weirdness & Mutations

You have a pair of horns on your head.
You reflexively headbutt those who attack you in melee.


Message History

The gnoll hits you with a +0 club. The gnoll hits you with a +0 flail!
You barely miss the gnoll.
The gnoll is heavily wounded.
You completely miss the gnoll. The gnoll hits you with a +0 club.
* * * LOW HITPOINT WARNING * * *
The gnoll barely misses you.
You are too injured to fight recklessly!
You are too injured to fight recklessly!
The gnoll hits you with a +0 club.
* * * LOW HITPOINT WARNING * * *
There is an open door here.
There is an open door here.
There is an escape hatch in the ceiling here.
The gnoll barely misses you. A mysterious force pulls you upwards.
The hatch slams shut behind you.
You closely miss the gnoll. You block the gnoll's attack.
You hit the gnoll but do no damage. The gnoll hits you with a +0 club.
* * * LOW HITPOINT WARNING * * *
You hit the gnoll.
The gnoll is moderately wounded.
The gnoll barely misses you.
You are too injured to fight recklessly!
You are too injured to fight recklessly!
You closely miss the gnoll.
The gnoll is moderately wounded.
The gnoll hits you with a +0 club.
* * * LOW HITPOINT WARNING * * *
The gnoll barely misses you.
You are too injured to fight recklessly!
You closely miss the gnoll.
The gnoll is moderately wounded.
The gnoll barely misses you. You furiously retaliate!
You headbutt the gnoll. You barely miss the gnoll.
The gnoll is moderately wounded.
The gnoll hits you with a +0 club.
* * * LOW HITPOINT WARNING * * *
You hit the gnoll.
The gnoll is almost dead.
The gnoll hits you with a +0 club.
You die...

≈§≈§.≈≈§≈≈.≈§≈≈§.#.#
..§..§.........§...#
≈§≈§.≈≈≈≈≈.≈§≈≈§.###########
###≈.≈###≈.§###≈...........#
# #≈.≈# #≈.≈# #≈..########.#
###≈.≈###≈.≈###≈).# #.#
≈≈≈≈.≈§§§§.≈≈§≈≈..# #.#
.÷§§..§...§.....g## #.#
≈≈§≈.≈§≈§§.≈≈§≈≈@# #.#
###≈.≈###§.§###≈.#########.#
# #≈.≈# #≈§≈# #≈...........#
###≈.§###≈§§###§..##########
§§§≈.≈≈≈≈≈.§≈≈≈§..#
.............§.§..#
≈≈≈≈§≈§≈≈≈.≈§≈§≈..#
###≈.§###§§§###§..# # #§.≈#
#≈)≈# #≈§.#


You could see a gnoll.

Vanquished Creatures
  A gnoll (D:2)
  An adder (D:2)
  A worm (D:2)
  6 endoplasms
  A giant cockroach (D:2)
  2 goblins
  A hobgoblin (D:1)
  A quokka (D:2)
  8 ball pythons
  6 bats
  A frilled lizard (D:1)
  5 kobolds (D:1)
  3 rats (D:1)
37 creatures vanquished.

Notes
Turn   | Place    | Note
-------+----------+-------------------------------------------
     0 | D:1      | browni3141 the Minotaur Fighter began the quest for the
                  | Orb.
     0 | D:1      | Reached XP level 1. HP: 19/19 MP: 0/0
   326 | D:1      | Reached skill level 3 in Axes
   380 | D:1      | Reached XP level 2. HP: 17/27 MP: 1/1
   624 | D:1      | Found a faded altar of an unknown god.
  1102 | D:2      | Reached skill level 4 in Axes
  1102 | D:2      | Reached XP level 3. HP: 33/33 MP: 2/2
  1801 | D:1      | Slain by a gnoll

Illustrated notes

Levels and vault maps discovered:
D:1:      amcnicky_arrival_feature_with_door, layout_loops_ring,
          nicolae_ecumenical_snake_handling, kennysheep_doodads,
          kennysheep_boxes
D:2:      layout_loops_corners

Skill      XL: |  1  2 |
---------------+-------+-----
Axes           | 3 4 |  4.9
Fighting       | |  3.7
Armour         | |  3.7
Shields        | |  3.6

Action                   || total
-------------------------++-------
Melee: War axe           ||    84
       Headbutt          ||    10
Armor: Scale mail        ||    38
Dodge: Dodged            ||    41
Block: Buckler           ||    18
